Map: Triton LE

Players

FenRiSulfR

  • Race: Zerg Zerg
  • League: Master
  • Spawn Location: 11:00

MikeHawk - Winner!

  • Race: Terran Terran
  • League: Master
  • Spawn Location: 5:00

VOD

Have the link to the VOD?

Description

Time

  • Played on: Dec. 18, 2019, 2:53 p.m.
  • Length: 6:33
Show
View Real Time Build Order
Export as new Build Order

FenRiSulfR Zerg 

Build Orders: Pool First 

Get SALT Encoding   

  12  0:17  Spawning Pool  
  11  0:22  Drone  
  11  0:26  Drone  
  13  0:31  Drone  
  14  0:41  Overlord  
  15  1:04  Zergling x4  
  15  1:06  Zergling x2  
  17  1:18  Hatchery  
  17  1:19  Zergling x2  
  17  1:31  Queen  
  19  1:35  Drone  
  19  1:39  Drone  
  21  1:49  Drone, Extractor  
  22  2:08  Drone  
  21  2:22  Drone  
  22  2:23  Overlord  
  21  2:30  Drone, Queen  
  21  2:35  Drone  
  25  2:41  Drone x2  
  25  2:42  Queen  
  29  2:48  Roach Warren  
  28  2:52  Drone  
  28  2:54  Drone  
  30  3:02  Drone  
  31  3:06  Drone x2  
  33  3:13  Extractor  
  33  3:22  Overlord  
  33  3:23  Drone x3  
  36  3:27  Metabolic Boost, Extractor  
  35  3:44  Overlord  
  35  3:45  Drone  
  35  3:46  Drone x3  
  35  3:47  Drone x2  
  41  3:54  Overlord  
  41  3:59  Roach  
  42  4:04  Roach x3  
  48  4:11  Overlord  
  48  4:17  Zergling x4  
  50  4:26  Roach  
  50  4:30  Roach  
  54  4:33  Roach x2  
  54  4:34  Roach  
  59  4:50  Overlord x2  
  59  4:57  Ravager  
  60  5:00  Overlord  
  58  5:07  Queen  
  60  5:17  Zergling x2  
  60  5:18  Zergling x14  
  68  5:23  Overlord  
  68  5:25  Overlord  
  60  5:40  Zergling x2  
  60  5:41  Zergling x6  
  51  5:49  Roach  
  49  5:55  Roach x4  
  57  6:01  Roach x2  
  57  6:02  Roach  
  63  6:07  Roach x2  
Show
View Real Time Build Order
Export as new Build Order

MikeHawk Terran - Winner!

Build Orders: Liberator Opening, Reaper Expand 

Get SALT Encoding   

  12  0:00  SCV  
  13  0:12  SCV  
  14  0:17  Supply Depot  
  14  0:25  SCV  
  15  0:38  SCV  
  15  0:40  Barracks  
  16  0:42  Refinery  
  16  0:50  SCV  
  17  1:02  SCV  
  18  1:14  SCV  
  19  1:27  Orbital Command, Reaper  
  20  1:39  Command Center  
  20  1:50  Supply Depot  
  20  1:54  SCV  
  21  1:59  Marine  
  22  2:05  Command Center  
  22  2:06  SCV  
  23  2:18  SCV  
  23  2:20  Factory  
  23  2:21  Barracks Reactor  
  24  2:30  SCV  
  25  2:42  SCV, Refinery  
  26  2:54  SCV  
  27  3:06  SCV, Starport  
  27  3:10  Barracks Tech Lab  
  27  3:12  Hellion  
  30  3:17  Hellion  
  30  3:18  SCV  
  33  3:26  Liberator  
  33  3:30  Marine  
  33  3:31  SCV  
  33  3:33  Hellion  
  37  3:35  Orbital Command  
  37  3:39  Hellion  
  37  3:41  Supply Depot  
  39  3:43  SCV  
  39  3:48  Marine  
  43  3:55  Hellion  
  46  4:03  SCV x2, Hellion  
  46  4:06  Supply Depot  
  51  4:15  SCV x2  
  52  4:27  SCV x2  
  52  4:29  Command Center  
  54  4:33  Supply Depot  
  54  4:39  SCV x2  
  54  4:40  Factory Tech Lab  
  56  4:51  SCV x2, Viking, Siege Tank  
  61  4:53  Marine  
  61  4:54  Marine  
  63  5:00  Supply Depot  
  63  5:03  SCV x2  
  65  5:11  Marine  
  65  5:12  Marine  
  67  5:15  SCV x2  
  67  5:18  Barracks  
  67  5:21  Barracks  
  68  5:22  Engineering Bay  
  68  5:23  Engineering Bay  
  68  5:27  SCV x2  
  68  5:28  Siege Tank  
  73  5:29  Marine  
  73  5:30  Marine  
  75  5:39  SCV  
  75  5:42  SCV  
  72  5:45  Command Center  
  72  5:47  Starport Tech Lab, Marine x2  
  64  5:51  SCV  
  65  5:57  Barracks  
  65  5:59  Barracks  
  65  6:01  Siege Tank  
  68  6:06  SCV x2  
  68  6:09  Marine  
  68  6:10  Marine  
  72  6:11  Barracks Tech Lab  
  72  6:13  Barracks Tech Lab  
  72  6:15  Refinery  
  72  6:16  Refinery  
  72  6:18  SCV x2  
Tags
 
Add a new tag
Caveats
  • Supply blocks, unpowered buildings, or Contaminate may cause inaccurate times.
  • Supply counts are checked every 10 seconds.